 Dungeon Crawl Stone Soup version 0.20.1-1-g8b1a95d66d (webtiles) character file.

808 4tharraofdagon the Quickloader (level 7, -2/58 HPs)
             Began as a Demigod Hunter on Dec 23, 2017.
             Slain by an ice beast (7 damage)
             ... on level 7 of the Dungeon.
             The game lasted 00:12:25 (3221 turns).

4tharraofdagon the Quickloader (Demigod Hunter)     Turns: 3221, Time: 00:12:26

Health: -2/58      AC:  7    Str: 13 (15) XL:     7   Next: 34%
Magic:  9/9        EV: 11    Int: 18 (19) God:
Gold:   247        SH:  0    Dex: 13 (16) Spells: 6/6 levels left

rFire    . . .     SeeInvis .   a - +1 hand crossbow
rCold    . . .     Gourm    .   (no shield)
rNeg     . . .     Faith    .   u - +0 ring mail
rPois    .         Spirit   .   (no helmet)
rElec    .         Reflect  .   C - +0 cloak
rCorr    .         Harm     .   E - +0 pair of gloves
MR       .....                  (no boots)
Stlth    ++........             (no amulet)
Regen    0.2/turn               e - ring of stealth
MPRegen  0.2/turn               (no ring)

@: no status effects
A: high mp 1
a: no special abilities


You were on level 7 of the Dungeon.
You were hungry.

You visited 1 branch of the dungeon, and saw 7 of its levels.
You also visited: Sewer.

You collected 247 gold pieces.

Inventory:

Hand Weapons
 a - a +1 hand crossbow (weapon)
 b - a +0 short sword
 B - a +0 flail
Missiles
 d - 58 bolts (quivered)
Armour
 c - a +0 leather armour
 u - a +0 ring mail (worn)
 C - a +0 cloak (worn)
 E - a +0 pair of gloves (worn)
Jewellery
 e - a ring of stealth (left hand)
Wands
 t - a wand of digging (11/24)
 F - a wand of confusion (20/48)
Scrolls
 g - a scroll of fear {unknown}
 l - a scroll of recharging {unknown}
 n - 4 scrolls of teleportation
 p - a scroll of remove curse
 s - a scroll of identify
 v - 3 scrolls of blinking {unknown}
 y - a scroll of fog
 A - a scroll of magic mapping {unknown}
 D - a scroll of enchant weapon {unknown}
Potions
 j - a potion of mutation {unknown}
 k - 2 potions of might
 m - 3 potions of heal wounds
 q - a potion of ambrosia {unknown}
 r - a potion of brilliance
 w - 2 potions of haste {unknown}
 x - a potion of lignification {unknown}
 z - a potion of invisibility
Comestibles
 f - 3 bread rations
 h - 2 royal jellies
 i - 2 meat rations
 o - 2 fruits


   Skills:
 + Level 3.8 Fighting
 - Level 8.0 Crossbows
 - Level 1.7 Dodging
 - Level 0.8 Stealth


You had 6 spell levels left.
You didn't know any spells.

Dungeon Overview and Level Annotations

Branches:
Dungeon (7/15)
 Temple: D:4-7

Annotations:
D:3 Grinder
D:5 BrokenGlass's ghost, amateur OpFi
D:6 kalodont's ghost, novice KoEn


Innate Abilities, Weirdness & Mutations

You have an increased reservoir of magic. (+10% MP)


Message History

* * * LOW HITPOINT WARNING * * *
Unknown command.
Firing (i - inventory):
d - 61 bolts (quivered)
Press: ? - help, Shift-Dir - straight line, f/p - ice beast
Aim: an ice beast (almost dead)
You shoot a bolt. The bolt hits the ice beast.
The ice beast is almost dead.
The ice beast hits you but does no damage.
Firing (i - inventory):
d - 60 bolts (quivered)
Press: ? - help, Shift-Dir - straight line, f/p - ice beast
Aim: an ice beast (almost dead)
You shoot a bolt. The bolt closely misses the ice beast.
The ice beast barely misses you.
Firing (i - inventory):
d - 59 bolts (quivered)
Press: ? - help, Shift-Dir - straight line, f/p - ice beast
Aim: an ice beast (almost dead)
You shoot a bolt. The bolt barely misses the ice beast.
The ice beast hits you.
* * * LOW HITPOINT WARNING * * *
The ice beast freezes you!
You die...

# #.##.#.##..#.# #.#<...
##.#....#.##..#.# #.#.#..
.........#.##..#.#####.#.#..
............................
..#..###.#.##..#.......#.#..
. ##. #.#.##..#.###########
# #.#.##............... ##
#.#.###.#.######..... .#
#...@Y(....(......<.. .+
.......###.#..#......... (#
##..#..#...#..#....####. ..
.......#.###..#....##... .#
# ...#.#. #..#....#.... ..
#..#.... #Y.#(...#.... ..
#..# ..# #..#........_ .. #.
.. #..#.[..#.... ..
#.......#....


You could see an ice beast.

Vanquished Creatures
  3 bullfrogs
  2 water moccasin zombies (D:7)
  A quasit (D:7)
  2 hounds (D:4)
  2 iguanas (D:4)
  An orc wizard (D:3)
  A killer bee zombie (D:5)
  A hound skeleton (D:4)
  13 adders
  7 river rats
  A shadow imp (D:5)
  An adder skeleton (D:4)
  2 worms
  2 dart slugs
  4 leopard geckos
  7 orcs
  7 bats
  2 giant cockroaches
  5 goblins
  10 hobgoblins
  6 kobolds
  13 ball pythons
  7 frilled lizards
  32 rats
132 creatures vanquished.

Notes
Turn   | Place    | Note
-------+----------+-------------------------------------------
     0 | D:1      | 4tharraofdagon the Demigod Hunter began the quest for the Orb.
     0 | D:1      | Reached XP level 1. HP: 17/17 MP: 3/3
     0 | D:1      | can we really win this?
   162 | D:1      | Reached skill level 4 in Crossbows
   234 | D:2      | Reached XP level 2. HP: 24/24 MP: 4/4
   339 | D:2      | Found an iron altar of Okawaru.
   373 | D:2      | Found a faded altar of an unknown god.
   453 | D:2      | Reached XP level 3. HP: 29/29 MP: 5/5
   639 | D:2      | Reached skill level 5 in Crossbows
  1036 | D:3      | Found a burning altar of Makhleb.
  1046 | D:3      | Reached XP level 4. HP: 36/36 MP: 6/6
  1181 | D:3      | Noticed Grinder
  1230 | D:4      | Found an opulent altar of Gozag.
  1254 | D:4      | Reached skill level 6 in Crossbows
  1254 | D:4      | Reached XP level 5. HP: 36/41 MP: 7/7
  1431 | D:4      | Found a glowing drain.
  1446 | Sewer    | Entered a sewer
  1957 | Sewer    | Reached XP level 6. HP: 25/48 MP: 8/8
  2062 | Sewer    | Reached skill level 7 in Crossbows
  2092 | Sewer    | HP: 1/48 [bullfrog (4)]
  2291 | D:5      | Entered Level 5 of the Dungeon
  2376 | D:5      | Noticed BrokenGlass's ghost (amateur OpFi)
  2770 | D:4      | Reached skill level 8 in Crossbows
  2894 | D:5      | Found a shadowy altar of Dithmenos.
  2968 | D:7      | Reached XP level 7. HP: 38/56 MP: 9/9
  3108 | D:6      | Noticed kalodont's ghost (novice KoEn)
  3127 | D:7      | Found a hide-covered altar of Uskayaw.
  3221 | D:7      | Slain by an ice beast

Skill      XL: |  1  2  3  4  5  6  7 |
---------------+----------------------+-----
Crossbows      | 4 5 6 8 |  8.0
Fighting       | 2 3 |  3.8
Dodging        | |  1.7
Stealth        | |  0.8

Action                   |  1- 3 |  4- 6 |  7- 9 || total
-------------------------+-------+-------+-------++-------
Melee: Unarmed           |       |   129 |       ||   129
       Flail             |       |    14 |       ||    14
 Fire: Hand crossbow     |    94 |   180 |    34 ||   308
  Use: Scroll            |       |     7 |     2 ||     9
       Potion            |       |     8 |       ||     8
  Eat: Chunk             |       |     3 |       ||     3
       Fruit             |       |     5 |       ||     5
Armor: Leather armour    |     8 |       |       ||     8
       Ring mail         |       |   105 |    29 ||   134
Dodge: Dodged            |    26 |   190 |    20 ||   236
